Map: Acropolis LE

Players

pHARM - Winner!

  • Race: Zerg Zerg
  • League: Platinum
  • Spawn Location: 5:00

Humperdoo

  • Race: Terran Terran
  • Spawn Location: 11:00

VOD

Have the link to the VOD?

Description

Time

  • Played on: Sept. 4, 2019, 10:07 p.m.
  • Length: 10:57
Show
View Real Time Build Order
Export as new Build Order

pHARM Zerg - Winner!

Build Orders: Hatch First 

Get SALT Encoding   

  12  0:00  Drone  
  13  0:13  Overlord  
  13  0:27  Drone  
  14  0:31  Drone  
  14  0:32  Drone  
  16  0:50  Hatchery  
  16  0:54  Drone  
  16  0:56  Drone  
  17  1:01  Drone  
  18  1:16  Spawning Pool  
  18  1:17  Drone  
  18  1:30  Drone  
  19  1:33  Drone  
  20  1:46  Overlord  
  20  1:56  Drone  
  21  2:05  Queen x2, Drone x2  
  27  2:14  Zergling x2  
  28  2:17  Drone  
  29  2:26  Zergling x2  
  29  2:27  Zergling x2  
  31  2:32  Spine Crawler  
  31  2:35  Zergling x2  
  31  2:47  Zergling x4  
  33  2:52  Extractor  
  33  2:53  Zergling x2  
  33  3:05  Zergling x2  
  33  3:06  Zergling x2  
  35  3:45  Baneling Nest  
  35  3:46  Drone x2  
  35  3:47  Overlord  
  35  3:48  Overlord  
  35  4:14  Metabolic Boost  
  35  4:18  Overlord x2  
  35  4:20  Drone x5  
  35  4:21  Drone x6  
  46  4:25  Queen x2  
  50  4:38  Hatchery, Extractor, Drone x2  
  50  4:40  Extractor  
  49  4:46  Drone x3  
  49  4:48  Drone x3  
  55  5:02  Pneumatized Carapace  
  55  5:17  Evolution Chamber  
  55  5:19  Evolution Chamber  
  55  5:20  Overlord x2  
  55  5:21  Zergling x20  
  58  5:25  Lair  
  63  5:44  Baneling x11  
  63  6:03  Drone x13  
  76  6:25  Drone x10  
  86  6:31  Queen x2  
  90  6:33  Overlord x2  
  90  6:46  Spore Crawler  
  90  6:47  Spore Crawler, Queen  
  89  6:49  Spore Crawler  
  89  6:51  Spore Crawler  
  89  6:52  Spore Crawler  
  87  6:54  Spore Crawler  
  87  6:55  Spore Crawler  
  87  6:59  Spore Crawler, Extractor  
  87  7:00  Extractor  
  82  7:06  Zerg Ground Armor Level 1, Zerg Melee Weapons Level 1  
  82  7:16  Zergling x8  
  82  7:17  Zergling x24  
  82  7:18  Zergling x2  
  91  7:25  Zergling x4  
  91  7:28  Centrifical Hooks  
  84  7:42  Zergling x10  
  84  7:43  Zergling x2  
  75  8:04  Baneling x11  
  75  8:06  Zergling x16  
  75  8:07  Zergling x4  
  85  8:23  Drone x4  
  89  8:31  Drone x2  
  91  8:34  Drone x3  
  94  8:44  Baneling x2  
  94  8:45  Baneling x29  
  94  8:46  Zergling x16, Baneling  
  102  9:04  Hatchery  
  102  9:06  Zergling x8  
  105  9:12  Overlord x3  
  105  9:28  Overlord x5  
  94  9:47  Zergling x24  
  101  9:56  Extractor  
  101  9:57  Hydralisk Den  
  99  10:08  Zergling x16  
  106  10:28  Zergling x10  
  106  10:29  Zergling x10  
  113  10:37  Zergling x14  
Show
View Real Time Build Order
Export as new Build Order

Humperdoo Terran 

Build Orders:  

Get SALT Encoding   

  12  0:02  SCV  
  13  0:17  Supply Depot  
  13  0:20  SCV  
  14  0:34  Refinery  
  14  0:45  SCV  
  14  0:47  Barracks  
  15  0:57  SCV  
  16  1:12  SCV  
  17  1:31  Supply Depot  
  17  1:36  Barracks Reactor  
  17  1:42  Barracks  
  17  1:58  Engineering Bay  
  17  2:05  SCV  
  18  2:13  Marine x2  
  20  2:22  Refinery  
  20  2:24  Supply Depot  
  20  2:30  Barracks Tech Lab  
  20  2:31  Marine x2  
  22  2:41  Factory  
  22  2:49  Marine x2, Supply Depot  
  24  3:05  SCV  
  25  3:07  Marine x2  
  25  3:08  Terran Infantry Weapons Level 1  
  27  3:17  SCV  
  27  3:19  Marauder  
  30  3:25  Marine x2  
  32  3:36  Factory Tech Lab  
  32  3:40  Marauder  
  34  3:42  Marine  
  34  3:43  Marine  
  36  4:02  Marauder  
  38  4:06  Siege Tank  
  41  4:12  Marine x2  
  43  4:23  Marauder  
  45  4:30  Orbital Command  
  45  4:54  Armory  
  45  5:02  Siege Tank, Terran Infantry Armor Level 1  
  48  5:07  Marine x2  
  48  5:11  Marauder  
  52  5:24  Marine  
  52  5:25  Marine  
  54  5:42  Marine  
  54  5:43  Supply Depot  
  55  5:53  Terran Vehicle Weapons Level 1  
  55  6:05  Marine  
  56  6:11  Supply Depot  
  56  6:24  Marine x2  
  58  6:32  Starport  
  58  6:54  Marine  
  58  6:55  Marine  
  58  6:56  Terran Infantry Weapons Level 2  
  60  7:12  Marine x2  
  62  7:17  Supply Depot  
  61  7:28  Medivac  
  63  7:30  Marine x2  
  34  7:48  Marine x2  
  30  7:51  Marine  
  31  8:05  Starport Tech Lab  
  31  8:06  Marine x2  
  31  8:10  Marauder  
  35  8:18  Missile Turret  
  35  8:23  Marine  
  35  8:24  Marine  
  37  8:28  Cyclone  
  37  8:31  Marauder  
  42  8:41  Marine x2  
  44  8:51  Supply Depot  
  44  8:53  Marauder  
  46  8:59  Marine x2  
  46  9:01  Cyclone  
  51  9:32  Banshee  
Tags
 
League
Platinum
Matchup
TvZ
Replay Pack
10.7.19
Spawn Locations
Cross Positions
Add a new tag
Caveats
  • Supply blocks, unpowered buildings, or Contaminate may cause inaccurate times.
  • Supply counts are checked every 10 seconds.